 Dungeon Crawl Stone Soup version 0.31-a0-339-gda1cbd555d (webtiles) character file.

Game seed: 9686571568529242999

347 BritishOli the Trooper (level 6, 0/49 HPs)
             Began as a Demonspawn Fighter on July 20, 2023.
             Was an Initiate of Makhleb.
             Succumbed to a gnoll bouda's poison
             ... on level 4 of the Dungeon.
             The game lasted 00:04:15 (3959 turns).

BritishOli the Trooper (Demonspawn Fighter)         Turns: 3959, Time: 00:04:15

Health: 0/49       AC:  7    Str: 18    XL:     6   Next: 33%
Magic:  6/6        EV:  9    Int: 10    God:    Makhleb [......]
Gold:   188        SH:  5    Dex: 12    Spells: 5/5 levels left

rFire   . . .        a - +0 war axe
rCold   . . .        c - +0 buckler
rNeg    . . .        b - +0 scale mail
rPois   .            (no helmet)
rElec   .            (no cloak)
rCorr   .            (no gloves)
SInv    .            (no boots)
Will    .....        (no amulet) Stlth
                     (no ring)
HPRegen 0.28/turn    (no ring)
MPRegen 0.10/turn

%: no passive effects
@: lethally poisoned (0 -> -7), weakened, attractive, hasted, invisible, very
quick
A: hooves 1, demonic guardian 2
a: Renounce Religion


You were on level 4 of the Dungeon.
You worshipped Makhleb.
Makhleb was noncommittal.
You visited 2 branches of the dungeon, and saw 6 of its levels.

You collected 188 gold pieces.

Inventory:

Hand Weapons
 a - a +0 war axe (weapon)
Missiles
 l - 2 throwing nets
Armour
 b - a +0 scale mail (worn)
 c - a +0 buckler (worn)
Wands
 q - a wand of charming (7)
Scrolls
 f - a scroll of torment {unknown}
 h - 2 scrolls of enchant weapon {unknown}
 i - a scroll of brand weapon {unknown}
 j - a scroll of fear {unknown}
 k - a scroll of revelation {unknown}
 m - 2 scrolls of identify {unknown}
 o - 2 scrolls of immolation {unknown}
 r - a scroll of poison {unknown}
Potions
 d - a potion of might
 g - a potion of haste


   Skills:
 + Level 4.3 Fighting
 + Level 3.3 Axes
 + Level 4.0 Armour
 + Level 4.0 Shields


You had 5 spell levels left.
You didn't know any spells.
Your spell library was empty.

Dungeon Overview and Level Annotations

Branches:
Dungeon (5/15)             Temple (1/1) D:4

Altars:
Cheibriados
Dithmenos
Fedhas
Gozag
Hepliaklqana
Makhleb
Nemelex Xobeh
Okawaru
Qazlal
Sif Muna
Trog
Uskayaw
Vehumet
Wu Jian
Xom
Yredelemnul

Shops:
D:2 (   D:4 [


Innate Abilities, Weirdness & Mutations

You have large cloven feet.
A demonic guardian rushes to your aid.


Message History

You feel invigorated.
* * * LOW HITPOINT WARNING * * *
You feel sick.
The gnoll bouda hits you but does no damage.
You are more poisoned.
It was a potion of curing.
You feel better.
You feel less invigorated.
You hit the gnoll bouda.
You kick the gnoll bouda, but do no damage.
The gnoll bouda is heavily wounded.
The gnoll bouda hits you with a +2 whip of venom!
* * * LOW HITPOINT WARNING * * *
A demonic guardian appears!
You are lethally poisoned!
You swap places.
* * * LOW HITPOINT WARNING * * *
You feel very sick.
The gnoll bouda gazes fiercely through you!
You feel as though you will be weak longer.
The gnoll bouda hits your orange demon with a +2 whip of venom.
Your orange demon is poisoned.
It was a potion of attraction.
You feel attractive to monsters.
* * * LOW HITPOINT WARNING * * *
You feel sick.
Your orange demon closely misses the gnoll bouda.
Your orange demon hits the gnoll bouda.
The gnoll bouda looks weaker.
The gnoll bouda hits your orange demon with a +2 whip of venom.
It was a potion of invisibility.
You fade into invisibility!
* * * LOW HITPOINT WARNING * * *
You feel sick.
Your orange demon completely misses the gnoll bouda.
Your orange demon hits the gnoll bouda.
* * * LOW HITPOINT WARNING * * *
You feel sick.
The gnoll bouda is attracted toward you.
You closely miss the gnoll bouda.
You kick the gnoll bouda, but do no damage.
The gnoll bouda is almost dead.
You die...

.#.# #.##.....[......# #.#.##.
.#.# #...............######.#.##.
.#.#######...........##.....#.###
....# #...........##.#####.#..
....# ##.#####.#####..[....#..
....# ##...........###########
....# #...§).......##.........
....# #.....g......###########
##### #.<.∩)4@.....#
#............# ##############


You could see a gnoll bouda (unable to see you, weak, ally target) and a
friendly orange demon (summoned, very poisoned).

Vanquished Creatures
  A wyvern (D:4)
  3 gnolls
  5 adders
  4 dart slugs
  5 orcs
  9 endoplasms
  2 giant cockroaches (D:3)
  9 goblins
  7 hobgoblins
  A jackal (D:3)
  5 quokkas
  6 ball pythons
  4 bats
  2 frilled lizards (D:1)
  6 kobolds
  7 rats
76 creatures vanquished.

Vanquished Creatures (collateral kills)
  An orc wizard (D:4)
  2 worms (D:2)
  A dart slug (D:1)
  A bat (D:1)
  An endoplasm (D:1)
  A goblin (D:1)
  A hobgoblin (D:1)
8 creatures vanquished.

Grand Total: 84 creatures vanquished

Notes
Turn   | Place    | Note
-------+----------+-------------------------------------------
     0 | D:1      | BritishOli the Demonspawn Fighter began the quest for the
                  | Orb.
     0 | D:1      | Reached XP level 1. HP: 18/18 MP: 1/1
   136 | D:1      | Gained mutation: A weak demonic guardian rushes to your
                  | aid. [demonic ancestry]
   136 | D:1      | Reached XP level 2. HP: 18/24 MP: 2/2
   990 | D:2      | Reached XP level 3. HP: 27/29 MP: 3/3
  1109 | D:2      | Found Juqyq's Weapon Emporium.
  1438 | D:2      | Found a faded altar of an unknown god.
  1768 | D:2      | Gained mutation: A demonic guardian rushes to your aid.
                  | [demonic ancestry]
  1768 | D:2      | Reached XP level 4. HP: 25/35 MP: 4/4
  2097 | D:3      | Found an ornate altar of the Wu Jian Council.
  2097 | D:3      | Found a shimmering altar of Xom.
  2097 | D:3      | Found a sparkling altar of Nemelex Xobeh.
  2099 | D:3      | Found a stormy altar of Qazlal.
  2840 | D:4      | Found Ticuowit's Armour Emporium.
  2998 | D:4      | Gained mutation: You have large cloven feet. [demonic
                  | ancestry]
  2998 | D:4      | Reached XP level 5. HP: 39/42 MP: 5/5
  3171 | D:4      | Found a staircase to the Ecumenical Temple.
  3191 | Temple   | Entered the Ecumenical Temple
  3210 | Temple   | Became a worshipper of Makhleb the Destroyer
  3547 | D:4      | Noticed a wyvern
  3562 | D:4      | Killed a wyvern
  3563 | D:4      | Reached XP level 6. HP: 21/48 MP: 6/6
  3772 | D:5      | Entered Level 5 of the Dungeon
  3958 | D:4      | HP: 1/49 [poisoned by a gnoll bouda]
  3959 | D:4      | Succumbed to a gnoll bouda's poison

Illustrated notes

Levels and vault maps discovered:
D:1:      eino_arrival_cavern_d, layout_loops_corners
D:2:      layout_basic, serial_shops, nicolae_shop_gibbet_a_chance,
          ebering_ecumenical_altar_rust
D:3:      minmay_angry_zag, layout_loops_ring, grunt_temple_overflow_open,
          grunt_decor_arrowhead
D:4:      layout_basic, minmay_temple_entry_glass, nicolae_stop_n_shop_2
D:5:      layout_basic, general_overflow_altar, uniq_prince_ribbit1
Temple:   nicolae_temple_god_jail

Skill      XL: |  1  2  3  4  5  6 |
---------------+-------------------+-----
Axes           | 2 3 |  3.3
Armour         | 3 4 |  4.0
Shields        | 3 4 |  4.0
Fighting       | 4 |  4.3

Action                     |  1- 3 |  4- 6 || total
---------------------------+-------+-------++-------
  Melee: War axe           |   127 |   121 ||   248
         Kick              |       |     5 ||     5
  Evoke: Wand              |       |     1 ||     1
    Use: Potion            |       |     5 ||     5
 Armour: Scale mail        |    67 |    46 ||   113
  Dodge: Dodged            |    51 |    62 ||   113
  Block: Buckler           |    21 |    32 ||    53

Table legend: (Time is in decaauts)
 A = Elapsed time spent in this place.
 B = Non-inter-level travel time spent in this place.
 C = Inter-level travel time spent in this place.
 D = Time resting spent in this place.
 E = Time spent auto-exploring this place.
 F = Levels seen in this place.
 G = Mean time per level.
                   A        B        C        D        E       F      G
               +--------+--------+--------+--------+--------+-----+--------+
         Total |   4059 |   3887 |    172 |    212 |   3028 |   6 |  676.5 |
       Dungeon |   4015 |   3878 |    137 |    212 |   3021 |   5 |  803.0 |
        Temple |     43 |      8 |     35 |      0 |      7 |   1 |   43.0 |
               +--------+--------+--------+--------+--------+-----+--------+

Top non-repeatable levels by time:
     D:2: 1181 daAuts
     D:4: 1050 daAuts
     D:1: 969 daAuts
     D:3: 760 daAuts
     D:5: 53 daAuts
  Temple: 43 daAuts
